 Dungeon Crawl Stone Soup version 0.23-a0-171-g5ae17c6 (webtiles) character file.

1335 grindst0ne the Fighter (level 8, 0/73 HPs)
             Began as a Mummy Gladiator on Sept 12, 2018.
             Slain by an orc warrior
             ... wielding a +0 halberd
              (19 damage)
             ... on level 6 of the Dungeon.
             The game lasted 00:08:42 (4167 turns).

grindst0ne the Fighter (Mummy Gladiator)            Turns: 4167, Time: 00:08:42

Health: 0/73       AC:  7    Str: 17    XL:     8   Next: 35%
Magic:  8/8        EV: 12    Int:  7    God:
Gold:   263        SH:  0    Dex: 16    Spells: 7/7 levels left

rFire    x . .     SeeInvis .   a - +0 war axe
rCold    + . .     Gourm    .   (no shield)
rNeg     + + +     Faith    .   s - +1 leather armour {MR+}
rPois    ∞         Spirit   .   c - +0 helmet
rElec    .         Reflect  .   (no cloak)
rCorr    .         Harm     .   o - +0 pair of gloves
MR       ++...                  b - +0 pair of boots
Stlth    +.........             e - amulet of regeneration
HPRegen  0.62/turn              (no ring)
MPRegen  0.11/turn              (no ring)

@: no status effects
A: no food or potions, fire vulnerability, cold resistance 1, negative energy
resistance 3, torment resistance, unbreathing
a: no special abilities


You were on level 6 of the Dungeon.
You were not hungry.

You visited 1 branch of the dungeon, and saw 6 of its levels.

You collected 263 gold pieces.

Inventory:

Hand Weapons
 a - a +0 war axe (weapon)
Missiles
 d - 2 throwing nets (quivered)
 f - 4 javelins
 g - 3 tomahawks
Armour
 b - a +0 pair of boots (worn)
 c - a +0 helmet (worn)
 l - a +0 buckler
 n - a +2 leather armour of poison resistance
 o - a +0 pair of gloves (worn)
 r - the +0 helmet "Fume" {rF+ rC+ Dex+3 Slay-4}
   (You found it on level 4 of the Dungeon)

   It affects your dexterity (+3).
   It affects your accuracy and damage with ranged weapons and melee attacks
   (-4).
   It protects you from fire.
   It protects you from cold.
 s - a +1 leather armour of magic resistance (worn)
Jewellery
 e - an amulet of regeneration (around neck)
 t - the ring "Nalenkiw" {rN+ Str+2 Int+4 Stlth+, unknown}
   (You found it on level 5 of the Dungeon)

   [ring of stealth]

   It affects your strength (+2).
   It affects your intelligence (+4).
   It protects you from negative energy.
   It makes you more stealthy.
Scrolls
 h - 3 scrolls of identify
 i - 2 scrolls of remove curse
 j - 2 scrolls of fear
 k - a scroll of amnesia
 m - a scroll of enchant weapon
 q - a scroll of blinking


   Skills:
 + Level 10.4 Fighting
 - Level 2.4 Axes
 - Level 1.5 Throwing
 - Level 2.4 Dodging


You had 7 spell levels left.
You didn't know any spells.
Your spell library contained the following spells:

 Spells                   Type           Power        Failure   Level  Hunger
 Summon Small Mammal      Summ           #...         50%         1    N/A
 Call Imp                 Summ           #.......     65%         2    N/A
 Call Canine Familiar     Summ           #.......     86%         3    N/A
 Summon Guardian Golem    Hex/Summ       #.......     86%         3    N/A
 Summon Ice Beast         Ice/Summ       #.......     99%         4    N/A
 Summon Lightning Spire   Summ/Air       #.......     99%         4    N/A

Dungeon Overview and Level Annotations

Branches:
Dungeon (6/15)
 Temple: D:4-7

Altars:
Makhleb
Ru
Zin

Annotations:
D:3 3 runed doors, TheNamelessOne's ghost, amateur DgWz
D:4 exclusion: downstairs


Innate Abilities, Weirdness & Mutations

You do not eat or drink.
Your flesh is vulnerable to fire.
You are immune to poison.
Your flesh is cold resistant. (rC+)
You are immune to negative energy. (rN+++)
You are immune to unholy pain and torment.
You can survive without breathing.


Message History

A worker ant comes into view.
The bullfrog misses you.
As you read the scroll of teleportation, it crumbles to dust.
You feel strangely unstable. The bullfrog barely misses you.
The bullfrog hits you but does no damage. x2
The bullfrog hits you but does no damage.
The bullfrog hits you but does no damage.
The orc warrior barely misses you. The bullfrog closely misses you.
Your surroundings seem slightly different.
The bullfrog closely misses you.
The worker ant bites you but does no damage.
You open the door.
The bullfrog hits you but does no damage.
The worker ant bites you.
* * * LOW HITPOINT WARNING * * *
The bullfrog completely misses you. The bullfrog hits you.
* * * LOW HITPOINT WARNING * * *
The orc warrior hits you from afar with a halberd!!
You die...

########
#....[.#
#......########
#.....a@......[
#.....F########
#.....o#
#....o.#
######o##
#..o...#
#o###### #.#
#.#


You could see an orc warrior, a bullfrog, a worker ant and 2 orcs.

Vanquished Creatures
  An orc warrior (D:6)
  A phantom (D:4)
  2 ogres (D:5)
  3 scorpions
  2 hounds (D:4)
  4 orc priests
  6 orc wizards
  A gnoll shaman (D:5)
  3 worker ants
  15 gnolls
  9 adders
  An ooze (D:1)
  An adder zombie (D:5)
  3 worms (D:2)
  5 dart slugs
  3 leopard geckos
  30 orcs
  A ball python (D:3)
  4 giant cockroaches
  5 goblins
  12 hobgoblins
  3 jackals (D:4)
  4 quokkas
  2 bats
  5 frilled lizards
  A jackal zombie (D:5)
  7 kobolds
  A leopard gecko skeleton (D:4)
  6 rats
141 creatures vanquished.

Notes
Turn   | Place    | Note
-------+----------+-------------------------------------------
     0 | D:1      | grindst0ne the Mummy Gladiator began the quest for the Orb.
     0 | D:1      | Reached XP level 1. HP: 16/16 MP: 1/1
   383 | D:1      | Reached XP level 2. HP: 21/23 MP: 2/2
   575 | D:1      | Reached skill level 3 in Fighting
   783 | D:2      | Reached XP level 3. HP: 30/30 MP: 3/3
   838 | D:2      | Found a glowing silver altar of Zin.
   892 | D:2      | Found a sacrificial altar of Ru.
  1022 | D:2      | Reached skill level 4 in Fighting
  1084 | D:2      | Reached XP level 4. HP: 38/38 MP: 4/4
  1514 | D:3      | Reached skill level 5 in Fighting
  1611 | D:3      | Reached XP level 5. HP: 40/44 MP: 5/5
  1692 | D:3      | Found a runed gate.
  1693 | D:3      | Found a runed gate.
  1694 | D:3      | Found a runed gate.
  1701 | D:3      | Noticed TheNamelessOne's ghost (amateur DgWz)
  1814 | D:3      | Reached skill level 6 in Fighting
  1899 | D:3      | Found a burning altar of Makhleb.
  2019 | D:3      | Reached XP level 6. HP: 51/53 MP: 6/6
  2442 | D:4      | Reached skill level 7 in Fighting
  2537 | D:4      | Reached XP level 7. HP: 48/61 MP: 7/7
  2746 | D:4      | Got a transparent helmet
  2759 | D:4      | Reached skill level 8 in Fighting
  2771 | D:4      | Identified the +0 helmet "Fume" {rF+ rC+ Dex+3 Slay-4} (You
                  | found it on level 4 of the Dungeon)
  2819 | D:5      | Entered Level 5 of the Dungeon
  3300 | D:5      | Reached skill level 9 in Fighting
  3495 | D:5      | Got a glittering brass ring
  3655 | D:5      | Reached XP level 8. HP: 71/71 MP: 8/8
  4023 | D:5      | Reached skill level 10 in Fighting
  4167 | D:6      | Slain by an orc warrior

Vault maps used:
D:1:      eino_arrival_druids_welcome, minmay_misc_feat_hallway,
          bh_walls_and_bars
D:2:      nicolae_ru_the_path_less_chosen, overflow_temple_1_default
D:3:      lemuel_round_altar, ebering_ghost_rock_garden
D:4:      first_ration, serial_bayou_pond_a, kennysheep_generic_room_8
D:6:      general_overflow_altar, temple_statues

Skill      XL: |  1  2  3  4  5  6  7  8 |
---------------+-------------------------+-----
Fighting       | 3 4 5 6 7 9 10 | 10.4
Axes           | |  2.4
Throwing       | |  1.5
Dodging        | |  2.4

Action                   |  1- 3 |  4- 6 |  7- 9 || total
-------------------------+-------+-------+-------++-------
Melee: War axe           |    90 |   212 |   214 ||   516
Throw: Throwing net      |       |       |     2 ||     2
  Use: Scroll            |       |     5 |     2 ||     7
 Stab: Sleeping          |     1 |       |       ||     1
       Distracted        |       |       |     1 ||     1
Armor: Leather armour    |    25 |    57 |    79 ||   161
Dodge: Dodged            |    55 |   157 |   157 ||   369

Table legend:
 A = Non-vault XP
 B = Vault XP
 C = Vault XP percentage of total XP
 D = Non-vault monster count
 E = Vault monster count
 F = Vault count percentage of total count
                 A         B        C        D         E       F
            +---------+---------+-------+---------+---------+-------
      Total |    1892 |      16 |   0.8 |     139 |       2 |   1.4
            +---------+---------+-------+---------+---------+-------
        D:1 |      36 |       0 |   0.0 |      15 |       0 |   0.0
        D:2 |      99 |       0 |   0.0 |      25 |       0 |   0.0
        D:3 |     386 |       0 |   0.0 |      44 |       0 |   0.0
        D:4 |     371 |      16 |   4.1 |      14 |       2 |  12.5
        D:5 |     852 |       0 |   0.0 |      36 |       0 |   0.0
        D:6 |     148 |       0 |   0.0 |       5 |       0 |   0.0
            +---------+---------+-------+---------+---------+-------
